 Dungeon Crawl Stone Soup version 0.24.1-8-ga250c9d538 (webtiles) character file.

Game seed: 16450676478160283899, levelgen mode: deterministic

608 raph the Spear-Bearer (level 7, 0/50 HPs)
             Began as a Merfolk Gladiator on May 5, 2020.
             Was an Initiate of Okawaru.
             Killed by divine providence
             ... invoked by an orc priest
              (16 damage)
             ... on level 5 of the Dungeon.
             The game lasted 00:08:08 (4498 turns).

raph the Spear-Bearer (Merfolk Gladiator)           Turns: 4498, Time: 00:08:09

Health: 0/50       AC:  6    Str: 15    XL:     7   Next: 43%
Magic:  10/10      EV: 13    Int:  7    God:    Okawaru [......]
Gold:   258        SH:  0    Dex: 17    Spells: 6/6 levels left

rFire    . . .     SeeInvis .   a - +0 trident
rCold    . . .     Gourm    .   (no shield)
rNeg     . . .     Faith    .   p - +0 ring mail (curse)
rPois    .         Spirit   .   c - +0 helmet
rElec    .         Reflect  .   (no cloak)
rCorr    .         Harm     .   (no gloves)
MR       .....                  (no boots)
Stlth    +.........             l - amulet of rage
HPRegen  0.16/turn              (no ring)
MPRegen  0.12/turn              (no ring)

@: lethally poisoned (0 -> -3)
A: change form in water, swift swim, stealthy swim
a: Renounce Religion, Evoke Berserk Rage


You were on level 5 of the Dungeon.
You worshipped Okawaru.
Okawaru was noncommittal.
You were not hungry.

You visited 1 branch of the dungeon, and saw 5 of its levels.

You collected 258 gold pieces.

Inventory:

Hand Weapons
 a - a +0 trident (weapon)
Missiles
 d - 3 throwing nets (quivered)
 t - 127 stones
Armour
 b - a +0 leather armour
 c - a +0 helmet (worn)
 p - a cursed +0 ring mail (worn)
 u - a +0 ring mail
Jewellery
 l - an amulet of rage (around neck)
 r - an uncursed ring of see invisible
Scrolls
 e - 5 scrolls of remove curse
 h - a scroll of fog {unknown}
 j - a scroll of fear
 k - 3 scrolls of teleportation
Potions
 g - a potion of invisibility
 i - a potion of heal wounds
 m - 2 potions of degeneration {unknown}
 o - a potion of resistance {unknown}
 q - a potion of ambrosia {unknown}
 w - a potion of agility {unknown}
Comestibles
 f - 8 rations
 n - 10 chunks of flesh


   Skills:
 - Level 2.2 Fighting
 + Level 10.2 Polearms
 - Level 2.0 Throwing
 - Level 4.0 Dodging
 + Level 4.0 Evocations


You had 6 spell levels left.
You didn't know any spells.
Your spell library contained the following spells:

 Spells                   Type           Power        Failure   Level  Hunger
 Magic Dart               Conj           #...         67%         1    ##.....
 Blink                    Tloc           N/A          80%         2    ###....
 Call Imp                 Summ           #.......     80%         2    ###....
 Slow                     Hex            #.......     80%         2    ###....
 Conjure Flame            Conj/Fire      #.......     95%         3    ####...
 Mephitic Cloud           Conj/Pois/Air  #.......     95%         3    ####...


Dungeon Overview and Level Annotations

Branches:
Dungeon (5/15)
 Temple: D:4-7

Altars:
Dithmenos
Gozag
Okawaru
Qazlal
Ru
Trog
Uskayaw

Annotations:
D:4 Menkaure


Message History

Attack whom?
Press: ? - help, Dir - move target cursor, f/p - orc priest
Aim: an orc priest, wielding a +0 hand axe and wearing a +0 leather armour (lightly wounded)
Something you can't see is in the way.
You hit something. Something hits you.
* * * LOW HITPOINT WARNING * * *
It was a potion of heal wounds.
You feel much better.
You feel sick. Something hits you.
You closely miss something.
You feel sick. Something hits you.
You barely miss something. Something hits you.
You barely miss something. Something hits you.
The orc priest looks encouraged for a moment.
Something completely misses you.
You closely miss something.
You feel sick. Something hits you but does no damage.
You hit something. Something hits you but does no damage.
You puncture something!
You feel sick. Something hits you but does no damage.
You miss something. Something hits you but does no damage.
The orc priest calls down the wrath of Beogh upon you.
Beogh smites you!
You die...

##### #.# # #.#### ....#
#.# .# #.# ###.# #.# $#
.#. #.########.#### .# .#
# #.............# .# #
######.######.#.# .#
#§≈≈≈≈.≈≈§≈≈#.#.# .#
#§####§####≈#.#.###.###.#
##≈§≈.§≈≈###.#.@{oa....#
#⌠≈§...§§⌠##.#####.......
##§.._.§§###.# #######
#⌠≈...§§§⌠##.#
##≈≈≈§≈§≈## ###⌠#⌠### ##
##


You could see a worker ant and an orc priest.

Vanquished Creatures
  2 scorpions (D:3)
  A crimson imp (D:5)
  A hound (D:3)
  A gnoll shaman (D:5)
  An orc wizard (D:4)
  5 worker ants
  Terence (D:2)
  A hound skeleton (D:4)
  10 gnolls
  4 adders
  An ooze (D:1)
  3 worms
  5 dart slugs
  11 orcs
  5 giant cockroaches
  7 hobgoblins
  9 jackals
  6 kobolds
  3 quokkas
  11 bats
  3 frilled lizards
  3 goblins
  A quokka skeleton (D:4)
  7 rats
102 creatures vanquished.

Notes
Turn   | Place    | Note
-------+----------+-------------------------------------------
     0 | D:1      | raph the Merfolk Gladiator began the quest for the Orb.
     0 | D:1      | Reached XP level 1. HP: 16/16 MP: 1/1
    63 | D:1      | Reached skill level 5 in Polearms
    79 | D:1      | Reached XP level 2. HP: 22/22 MP: 2/2
   468 | D:1      | Reached skill level 6 in Polearms
   468 | D:1      | Reached XP level 3. HP: 26/27 MP: 3/3
  1027 | D:2      | Found a hide-covered altar of Uskayaw.
  1056 | D:2      | Found a shadowy altar of Dithmenos.
  1168 | D:2      | Noticed Terence
  1183 | D:2      | Killed Terence
  1183 | D:2      | Reached skill level 7 in Polearms
  1183 | D:2      | Reached XP level 4. HP: 33/33 MP: 4/4
  1705 | D:2      | Reached skill level 8 in Polearms
  1705 | D:2      | Reached XP level 5. HP: 9/38 MP: 5/5
  2974 | D:3      | Reached skill level 1 in Evocations
  3372 | D:3      | Reached XP level 6. HP: 44/44 MP: 5/7
  3528 | D:3      | Reached skill level 9 in Polearms
  4002 | D:4      | Noticed Menkaure
  4096 | D:5      | Entered Level 5 of the Dungeon
  4103 | D:5      | Reached XP level 7. HP: 47/50 MP: 9/9
  4150 | D:5      | Found an iron altar of Okawaru.
  4151 | D:5      | Found a stormy altar of Qazlal.
  4151 | D:5      | Found a sacrificial altar of Ru.
  4151 | D:5      | Found an opulent altar of Gozag.
  4191 | D:5      | Became a worshipper of Warmaster Okawaru
  4342 | D:5      | Reached skill level 10 in Polearms
  4453 | D:5      | Found a bloodstained altar of Trog.
  4498 | D:5      | Killed from afar by an orc priest

Levels and vault maps discovered:
D:1:      evilmike_arrival_rings, layout_basic
D:2:      layout_basic, lemuel_round_altar, overflow_temple_1_default,
          uniq_terence
D:3:      layout_loops_ring, kennysheep_generic_room_5
D:4:      layout_cave_pools, first_ration, uniq_menkaure
D:5:      cheibrodos_barr_body, layout_loops_ring,
          grunt_temple_overflow_champion_of_chaos, lightli_temple_of_fire,
          chequers_temple_overflow_statue_of_worship

Skill      XL: |  1  2  3  4  5  6  7 |
---------------+----------------------+-----
Polearms       | 5 6 7 8 9 10 | 10.2
Evocations     | 2 3 4 |  4.0
Fighting       | |  2.2
Throwing       | |  2.0
Dodging        | |  4.0

Action                   |  1- 3 |  4- 6 |  7- 9 || total
-------------------------+-------+-------+-------++-------
Melee: Trident           |    91 |   235 |    80 ||   406
 Abil: Evoke Berserk Rag |     1 |     1 |       ||     2
  Use: Scroll            |       |       |     6 ||     6
       Potion            |       |       |     1 ||     1
 Stab: Sleeping          |     4 |       |       ||     4
  Eat: Chunk             |     1 |     8 |     1 ||    10
       Ration            |       |     1 |       ||     1
Armor: Leather armour    |     6 |    38 |       ||    44
       Ring mail         |       |    16 |    14 ||    30
Dodge: Dodged            |    48 |   149 |    44 ||   241
